 Dungeon Sprint DCSS version 0.29.1-15-g9cfb28693d (webtiles) character file.

Game seed: 4864953794302571764

1003 LynnLen the Unseen (level 8, -9/36 HPs)
             Began as a Spriggan Enchanter on June 8, 2023.
             Was an Initiate of Dithmenos.
             Mangled by a deep troll (10 damage)
             ... in the Dungeon (Sprint I: "Red Sonja").
             The game lasted 00:02:50 (452 turns).

LynnLen the Unseen (Spriggan Enchanter)              Turns: 452, Time: 00:02:51

Health: -9/36      AC:  2    Str:  4    XL:     8   Next: 0%
Magic:  21/21      EV: 17    Int: 19    God:    Dithmenos [......]
Gold:   613        SH:  0    Dex: 15    Spells: 15/23 levels left

rFire   . . .      SeeInvis +   l - +2 short sword (venom)
rCold   . . .      Faith    .   (no shield)
rNeg    . . .      Spirit   .   b - +0 robe
rPois   .          Reflect  .   (helmet restricted)
rElec   .          Harm     .   (no cloak)
rCorr   .          Rampage  .   (gloves unavailable)
Will    +....      NoTele   +   (boots unavailable)
Stlth   +++++++...              (no amulet)
HPRegen 0.12/turn               (no ring)
MPRegen 0.17/turn               (no ring)

@: very quick
A: very small, no large weapons, unfitting armour, see invisible, speed 3
a: Renounce Religion


You were in the Dungeon.
You worshipped Dithmenos.
Dithmenos was noncommittal.
You visited 1 branch You collected 613 gold pieces.

Inventory:

Hand Weapons
 a - a +1 dagger
 l - a +2 short sword of venom (weapon)
Missiles
 k - 5 curare-tipped darts (quivered)
Armour
 b - a +0 robe (worn)
Wands
 f - a wand of digging (6)
Scrolls
 i - a scroll of blinking
 j - a scroll of enchant weapon {unknown}
Potions
 c - a potion of invisibility
 d - 4 potions of curing
 e - a potion of heal wounds
 g - 2 potions of magic
 h - a potion of berserk rage
 m - a potion of ambrosia {unknown}


   Skills:
 - Level 1.1 Short Blades
 - Level 2.6 Dodging
 + Level 18.6 Stealth
 + Level 8.4 Spellcasting
 + Level 13.2 Hexes


You had 15 spell levels left.
You knew the following spells:

 Your Spells              Type           Power      Damage    Failure   Level
a - Ensorcelled Hibernat  Hex/Ice        66%        N/A       1%          2
b - Confusing Touch       Hex            55%        N/A       1%          3
c - Tukima's Dance        Hex            55%        N/A       1%          3

Your spell library contained the following spells:

 Spells                   Type           Power      Damage    Failure   Level
 Dazzling Flash           Conj/Hex       66%        N/A       1%          3


Dungeon Overview and Level Annotations

Branches:
Dungeon (1/1)

Altars:
Cheibriados
Dithmenos
Elyvilon
Fedhas
Gozag
Hepliaklqana
Kikubaaqudgha
Nemelex Xobeh
Okawaru
Qazlal
Ru
Sif Muna
Trog
Uskayaw
Vehumet
Wu Jian
Yredelemnul
Zin
The Shining One

Shops:
D (*


Innate Abilities, Weirdness & Mutations

You are very small and have problems with some larger weapons.
You are too small for most types of armour.
You have supernaturally acute eyesight. (SInv)
You cover ground extremely quickly. (Speed+++)


Message History

The helpless ballistomycete spore fails to defend itself.
You spit the ballistomycete spore like a pig!!!
The ballistomycete spore explodes!
The explosion of spores engulfs you!
You are confused.
The ballistomycete spore explodes!
The explosion of spores engulfs you!
You are more confused.
You start resting.
You feel less confused.
You start resting.
HP restored.
Found 54 gold pieces.
You now have 442 gold pieces (gained 27).
d - 2 potions of curing (gained 1)
You now have 469 gold pieces (gained 27).
You now have 496 gold pieces (gained 27).
You now have 523 gold pieces (gained 27).
You now have 532 gold pieces (gained 9).
m - a black potion
d - 3 potions of curing (gained 1)
You now have 559 gold pieces (gained 27).
You now have 586 gold pieces (gained 27).
You now have 613 gold pieces (gained 27).
d - 4 potions of curing (gained 1)
There is an open door here.
You open the door.
A deep troll comes into view.
Found 108 gold pieces.
There is an open door here.
You see here 27 gold pieces.
The deep troll shouts!
You see here 27 gold pieces.
You hit the deep troll but do no damage.
The deep troll is poisoned.
The deep troll bites you. The deep troll claws you! x2
* * * LOW HITPOINT WARNING * * *
The deep troll bites you.
* * * LOW HITPOINT WARNING * * *
The deep troll claws you!
You die...

#..#####'#####†#
#..####..#...#.#
#..#__####..##.#
#..#_____##'#_.+
#⌠⌠#_.∩...'..._#
####_..__##_.#+#
#_____###'#
############.####+###
#∩........'...'$@T$$+
###++++####...#######
###.### #.#'#.#
#.....# #.....#
#######


You could see a deep troll (poisoned).

Vanquished Creatures
  Sigmund (D)
  A yak (D)
  An ogre (D)
  A jelly (D)
  Ijyb (D)
  A ballistomycete spore (D)
6 creatures vanquished.

Vanquished Creatures (collateral kills)
  Sonja (D)
1 creature vanquished.

Vanquished Creatures (others)
  A ballistomycete spore (D)
1 creature vanquished.

Grand Total: 8 creatures vanquished

Notes
Turn   | Place    | Note
-------+----------+-------------------------------------------
     0 | D        | LynnLen the Spriggan Enchanter began the quest for the Orb.
     0 | D        | Reached XP level 1. HP: 9/9 MP: 5/5
     4 | D        | Noticed Ijyb
    13 | D        | Killed Ijyb
    14 | D        | Reached skill level 7 in Stealth
    14 | D        | Reached skill level 5 in Hexes
    14 | D        | Reached XP level 2. HP: 11/13 MP: 5/7
    15 | D        | Noticed an ogre
    20 | D        | Killed an ogre
    21 | D        | Reached skill level 10 in Stealth
    21 | D        | Reached skill level 5 in Spellcasting
    21 | D        | Reached XP level 3. HP: 14/16 MP: 5/10
    21 | D        | Reached XP level 4. HP: 19/21 MP: 6/12
    22 | D        | Noticed Sigmund
    25 | D        | Killed Sigmund
    26 | D        | Reached skill level 13 in Stealth
    26 | D        | Reached skill level 10 in Hexes
    26 | D        | Reached XP level 5. HP: 22/24 MP: 6/14
    26 | D        | Reached XP level 6. HP: 26/28 MP: 6/16
   116 | D        | Found an ornate altar of the Wu Jian Council.
   116 | D        | Found a shimmering blue altar of Sif Muna.
   118 | D        | Found a radiant altar of Vehumet.
   123 | D        | Reached skill level 14 in Stealth
   148 | D        | Found Giymip's Assorted Antiques.
   148 | D        | Found an ancient bone altar of Kikubaaqudgha.
   148 | D        | Found a hazy altar of Hepliaklqana.
   148 | D        | Found a stormy altar of Qazlal.
   148 | D        | Found a hide-covered altar of Uskayaw.
   148 | D        | Found a blossoming altar of Fedhas.
   148 | D        | Found a bloodstained altar of Trog.
   148 | D        | Found an iron altar of Okawaru.
   148 | D        | Found a basalt altar of Yredelemnul.
   148 | D        | Found a glowing golden altar of the Shining One.
   148 | D        | Found a snail-covered altar of Cheibriados.
   148 | D        | Found a sacrificial altar of Ru.
   148 | D        | Found a glowing silver altar of Zin.
   148 | D        | Found a shadowy altar of Dithmenos.
   148 | D        | Found a white marble altar of Elyvilon.
   148 | D        | Noticed a yak
   164 | D        | Learned a level 2 spell: Ensorcelled Hibernation
   168 | D        | Learned a level 3 spell: Confusing Touch
   172 | D        | Learned a level 3 spell: Tukima's Dance
   174 | D        | Killed a yak
   175 | D        | Reached skill level 15 in Stealth
   183 | D        | Found an opulent altar of Gozag.
   184 | D        | Found a sparkling altar of Nemelex Xobeh.
   191 | D        | Became a worshipper of Dithmenos the Shadowed
   203 | D        | Noticed Sonja
   210 | D        | Killed Sonja
   211 | D        | Reached skill level 18 in Stealth
   211 | D        | Reached XP level 7. HP: 32/32 MP: 12/19
   211 | D        | Reached XP level 8. HP: 36/36 MP: 13/21
   275 | D        | Found Eramear's Weapon Boutique.
   448 | D        | Noticed a deep troll
   452 | D        | HP: 1/36 [deep troll (2)]
   452 | D        | Mangled by a deep troll

Illustrated notes

Levels and vault maps discovered:
D:        dungeon_sprint_1 [red_sonja_temple_1, red_sonja_temple_small_1]

Skill      XL: |  1  2  3  4  5  6 |
---------------+-------------------+-----
Stealth        | 7 10 13 18 | 18.6
Spellcasting   | 3 5 6 8 |  8.4
Hexes          | 5 7 10 13 | 13.2
Short Blades   | |  1.1
Dodging        | |  2.6

Action                   |  1- 3 |  4- 6 |  7- 9 || total
-------------------------+-------+-------+-------++-------
Melee: Dagger            |    11 |     7 |       ||    18
       Short sword       |       |       |     2 ||     2
 Cast: Ensorcelled Hiber |       |     2 |       ||     2
       Tukima's Dance    |       |     1 |       ||     1
  Use: Potion            |     2 |       |       ||     2
 Stab: Invisible         |     3 |       |       ||     3
       Sleeping          |     1 |     3 |     1 ||     5
Armor: Robe              |     1 |       |       ||     1
Dodge: Dodged            |     1 |     2 |       ||     3
